 Dungeon Crawl Stone Soup version 0.32-a0-450-g080537f31e (webtiles) character file.

Game seed: 13684000919787548119

25323 ezpacito the Grave Robber (level 12, 0/88 HPs)
             Began as a Demonspawn Chaos Knight on Feb 23, 2024.
             Was a Plaything of Xom.
             Slain by a large slime creature (16 damage)
             ... on level 3 of the Abyss.
             The game lasted 00:28:13 (11052 turns).

ezpacito the Grave Robber (DsCK)                   Turns: 11052, Time: 00:28:13

Health: 0/88       AC: 28    Str: 22    XL:     12   Next: 88%
Magic:  0/18       EV: 14    Int: 14    God:    Xom [.....*]
Gold:   144        SH:  0    Dex: 14    Spells: 3/19 levels left

rFire   + . .        x - +9 hammer "Vajuruolu" {freeze, Fly rF+ Str+3 Stlth+}
rCold   + + .        R - +0 buckler
rNeg    . . .        Q - +6 acid dragon scales
rPois   +            F - +1 helmet {SInv}
rElec   +            y - +1 cloak
rCorr   +            E - +1 pair of gloves
SInv    +            X - +2 pair of boots {rampage}
Will    +....        d - amulet of the acrobat
Stlth   ++           n - +6 ring of strength
HPRegen 2.34/turn    P - ring of poison resistance
MPRegen 0.32/turn

%: acrobat, guardian spirit, rampage
@: confused, flying
A: icy blue scales 3, powered by death 2, magic shield, magic regeneration,
weakness stinger 2, cold resistance 1, strong-willed 1, mutation resistance 1,
electricity resistance, weak 1, subdued magic 1
a: Renounce Religion


You were on level 3 of the Abyss.
You worshipped Xom.
You were Xom's teddy bear.
You visited 2 branches of the dungeon, and saw 12 of its levels.
You visited the Abyss 1 time.
You also visited: Bailey.

You collected 927 gold pieces.
You spent 783 gold pieces at shops.

Inventory:

Hand Weapons
 a - a +0 hand axe of chaos
 l - a +1 scimitar of flaming
 w - a +0 battleaxe of freezing
 x - the +9 hammer "Vajuruolu" (weapon) {freeze, Fly rF+ Str+3 Stlth+}
   (You found it on level 4 of the Dungeon)

   Str+3:     It affects your strength (+3).
   rF+:       It protects you from fire.
   Fly:       It grants you flight.
   Stlth+:    It makes you more stealthy.
Missiles
 b - 30 poisoned darts (quivered)
 c - 7 atropa-tipped darts
 u - 8 boomerangs
 C - 6 throwing nets
Armour
 r - a +0 pair of boots
 y - a +1 cloak (worn)
 E - a +1 pair of gloves (worn)
 F - a +1 helmet of see invisible (worn)
 H - the +3 ring mail of Metyjynu {Fly rC+ Slay+5}
   (You found it in a bailey)

   Slay+5:    It affects your accuracy & damage with ranged weapons and melee
   (+5).
   rC+:       It protects you from cold.
   Fly:       It grants you flight.
 Q - +6 acid dragon scales (worn)
 R - a +0 buckler (worn)
 X - a +2 pair of boots of rampaging (worn)
Magical Staves
 i - a staff of death
Jewellery
 d - an amulet of the acrobat (around neck)
 f - a ring of protection from fire
 n - a +6 ring of strength (left hand)
 s - a ring of magical power
 A - a ring of positive energy
 D - a ring of see invisible
 O - a ring of willpower
 P - a ring of poison resistance (right hand)
Talismans
 N - a blade talisman
 T - a maw talisman
Wands
 j - a wand of acid (1)
 m - a wand of roots (35)
 v - a wand of flame (47)
 K - a wand of mindburst (1)
 U - a wand of paralysis (12)
Scrolls
 e - 2 scrolls of noise
 g - a scroll of enchant weapon
 h - 3 scrolls of vulnerability
 k - 10 scrolls of teleportation
 M - a scroll of immolation
 W - 2 scrolls of amnesia
Potions
 p - 2 potions of cancellation
 q - 4 potions of brilliance
 I - 3 potions of enlightenment
 L - a potion of lignification
Miscellaneous
 o - a phantom mirror (inert)


   Skills:
 + Level 6.0 Fighting
 * Level 7.1(7.2) Axes
 + Level 2.1(4.9) Maces & Flails
 * Level 6.9 Armour
 * Level 6.5 Dodging
 + Level 4.6 Stealth
 * Level 6.3 Unarmed Combat
 + Level 4.1 Spellcasting
 + Level 4.0 Conjurations
 + Level 4.1 Hexes
 + Level 4.0 Summonings
 * Level 7.8 Necromancy
 + Level 3.3 Translocations
 + Level 3.1 Ice Magic
 + Level 3.3 Earth Magic
 + Level 3.6 Alchemy
 + Level 4.4 Evocations


You had 3 spell levels left.
You knew the following spells:

 Your Spells              Type           Power      Damage    Failure   Level
a - Necrotise             Necr           76%        1d7       1%          1
b - Apportation           Tloc           18%        N/A       6%          1
c - Sting                 Conj/Alch      40%        1d5       4%          1
d - Summon Horrible Thin  Summ           5%         N/A       100%        8
e - Ensorcelled Hibernat  Hex/Ice        20%        N/A       8%          2
f - Passwall              Erth           9%         N/A       19%         3

Your spell library contained the following spells:

 Spells                   Type           Power      Damage    Failure   Level
 Summon Small Mammal      Summ           40%        N/A       4%          1
 Swiftness                Air            2%         N/A       61%         3
 Leda's Liquefaction      Alch/Erth      4%         N/A       52%         4
 Lee's Rapid Deconstruct  Erth           4%         3d5*      89%         5
 Bombard                  Conj/Erth      5%         9d2       100%        6
 Malign Gateway           Summ/Tloc      5%         N/A       100%        7


Dungeon Overview and Level Annotations

Branches:
Dungeon (11/15)            Temple (1/1) D:7            Lair (0/5) D:10
    Orc (0/2) D:11         Bailey (visited)

Altars:
Ashenzari
Cheibriados
Dithmenos
Fedhas
Gozag
Hepliaklqana
Kikubaaqudgha
Makhleb
Nemelex Xobeh
Okawaru
Qazlal
Ru
Sif Muna
Trog
Uskayaw
Vehumet
Wu Jian
Xom
Yredelemnul

Shops:
D:2 (   D:4 =   D:5 =   D:11 =[**[

Annotations:
D:11 4 transporters, Sobieck's ghost, journeyman MDMo


Innate Abilities, Weirdness & Mutations

You are completely covered in icy blue scales. (AC +4, rC+)
You regenerate health from kills.
When hurt, damage is shared between your health and your magic reserves.
You regenerate magic rapidly.
You have a tail ending in a sharp stinger.
Your flesh is cold resistant. (rC+)
You are strong-willed. (Will+)
You are somewhat resistant to further mutation.
You are resistant to electric shocks. (rElec)
You are weak. (Str -2)
Your spells are a little easier to cast, but a little less powerful.


Message History

The weeping skull unleashes gushing sobs.
The wave of grief passes through the small abomination.
The small abomination completely resists.
The wave of grief passes through the enormous slime creature.
The enormous slime creature is drained!
The wave of grief passes through you.
The slime creature hits you but does no damage.
Something hits your crimson imp!!
Your crimson imp dies!
Your crimson imp disappears in a puff of smoke!
The slime creature hits you but does no damage.
The large slime creature barely misses you.
The glowing orange brain is engulfed in excruciating misery. x2
You sock the weeping skull! You freeze the weeping skull.
You destroy the weeping skull!
The glowing orange brain is engulfed in excruciating misery.
The slime creature hits you but does no damage.
The weeping skull's misery overflows.
The slime creature hits you but does no damage.
The large slime creature hits you but does no damage.
An enormous slime creature splits.
You are too confused!
Unknown command.
You sock the large slime creature! You freeze the large slime creature.
The large slime creature is moderately wounded.
The golden eye blinks!
A glowing orange brain comes into view.
The weeping skull's misery bubbles over.
The wave of grief passes through the Executioner.
The Executioner completely resists.
The wave of grief passes through the large slime creature.
The large slime creature is drained!
The wave of grief passes through you. The slime creature barely misses you.
The weeping skull's misery overflows.
The wave of grief passes through the large slime creature.
The large slime creature is drained!
The wave of grief passes through you. The large slime creature hits you!
* * * LOW HITPOINT WARNING * * *
The large slime creature hits you!!
You die...
Xom bursts into laughter! φ #. .# . #G⌠.# #.⌠.### ## # ..z.° .....##⌠ .. °###G. z###.⌠## .# . ##G#xx G#°##.# # # #.. z#xx# x#°.'..#. . # . xXz

xzx##.. ..##.#
#J#JGx#..# .# .
#J@J2x..##⌠ . . .
##J###..###......
# # #x11###
##⌠#.## . ## .
~~xzx. # ##...#. #
.
..#.#.#≈x_~○##.#..
# . #.°°°#x.J..##
.# . #
#.#..~#xDz###.. #
##....##≈D♣ . ...#
#....# ##~#~ #...#


You could see a tentacled monstrosity, a cacodemon, an Executioner (fast), 3
large slime creatures, 2 slime creatures, a shining eye, 3 glowing orange
brains, 5 weeping skulls, 13 small abominations, a laughing skull and a golden
eye.

Vanquished Creatures
  Erica (D:8)
  A boulder beetle (D:11)
  A two-headed ogre (D:9)
  A large abomination (Abyss:3)
  A cyclops (D:11)
  3 ugly things
  Maurice (D:8)
  A manticore (D:11)
  A gargoyle (D:11)
  Jeremiah (D:8)
  Maggie (D:7)
  4 trolls
  2 centaur simulacra (D:10)
  2 shadows
  9 yaks
  3 small abominations
  2 fire bats (Abyss:2)
  4 steam dragons
  The ghost of Dazliare the Chucker, an amateur CoBr of Ashenzari (D:4)
  2 acid dragons (D:9)
  8 water moccasins
  Duvessa (D:4)
  3 orc warriors
  3 black bears
  4 ice beasts
  A laughing skull (Abyss:3)
  4 ogres
  6 wolves
  2 centaurs
  A phantom (D:6)
  A weeping skull (Abyss:3)
  4 bullfrogs
  3 kobold brigands
  10 gnoll sergeants
  2 scorpions
  7 wights
  Dowan (D:4)
  5 killer bees (D:8)
  8 electric eels
  2 bombardier beetles
  4 howler monkeys
  6 gnoll boudas
  A jelly (D:8)
  4 hounds
  Crazy Yiuf (D:4)
  8 orc priests
  A sleepcap (D:5)
  4 iguanas
  Natasha (D:4)
  8 orc wizards
  17 gnolls
  7 adders
  2 white imps
  An ufetubus (Abyss:3)
  3 dart slugs
  4 ribbon worms
  25 orcs
  12 endoplasms
  5 giant cockroaches
  11 goblins
  5 hobgoblins
  4 quokkas
  5 ball pythons
  5 bats
  A frilled lizard (D:1)
  19 kobolds
  5 rats
287 creatures vanquished.

Vanquished Creatures (collateral kills)
  A cacodemon (Abyss:3)
  A wraith (D:9)
  2 yaks
  A centaur (D:9)
  A killer bee (D:8)
  A gnoll (Bailey)
  A dart slug (D:1)
  An orc (D:8)
  A giant cockroach (D:1)
10 creatures vanquished.

Vanquished Creatures (others)
  A bullfrog (D:9)
  An ufetubus (Abyss:3)
  3 kobolds (D:4)
5 creatures vanquished.

Grand Total: 302 creatures vanquished

Notes
Turn   | Place    | Note
-------+----------+-------------------------------------------
     0 | D:1      | ezpacito the Demonspawn Chaos Knight began the quest for
                  | the Orb.
     0 | D:1      | Reached XP level 1. HP: 18/18 MP: 1/1
    48 | D:1      | XOM: silly message
    53 | D:1      | Reached skill level 1 in Dodging
   149 | D:1      | Gained mutation: You are partially covered in icy blue
                  | scales. (AC +2) [demonic ancestry]
   149 | D:1      | Reached XP level 2. HP: 24/24 MP: 2/2
   301 | D:1      | Found a faded altar of an unknown god.
   816 | D:2      | Gained mutation: You regenerate magic rapidly. [demonic
                  | ancestry]
   816 | D:2      | Reached XP level 3. HP: 29/29 MP: 3/3
   940 | D:2      | Identified the +0 scale mail of the Fiend {rPois Stlth+}
  1077 | D:2      | Found Purosch's Weapon Boutique.
  1095 | D:2      | Bought 4 poisoned darts for 31 gold pieces
  1249 | D:3      | XOM: silly message
  1314 | D:3      | XOM: divination: magic mapping
  1327 | D:3      | Reached XP level 4. HP: 35/35 MP: 4/4
  1462 | D:3      | Reached skill level 1 in Stealth
  1462 | D:3      | Reached skill level 1 in Unarmed Combat
  1462 | D:3      | Reached skill level 1 in Necromancy
  1473 | D:3      | Gained mutation: You have a small tail. [demonic ancestry]
  1473 | D:3      | Reached XP level 5. HP: 8/41 MP: 6/6
  1557 | D:3      | XOM: 2-stop teleportation journey
  1701 | D:3      | XOM: god gift: 47 gold pieces
  1748 | D:3      | Reached skill level 1 in Spellcasting
  1750 | D:3      | XOM: god gift: book of the Earth
  1985 | D:3      | XOM: divination: detect creatures
  2070 | D:3      | Found a faded altar of an unknown god.
  2121 | D:3      | Found a burning altar of Makhleb.
  2182 | D:4      | XOM: potion effect (attraction)
  2259 | D:4      | Found a sacrificial altar of Ru.
  2284 | D:4      | Gained mutation: You have a tail ending in a sharp stinger.
                  | [demonic ancestry]
  2284 | D:4      | Reached XP level 6. HP: 46/47 MP: 7/7
  2302 | D:4      | Found an ornate altar of the Wu Jian Council.
  2349 | D:4      | Reached skill level 1 in Evocations
  2405 | D:4      | XOM: 4-stop teleportation journey
  2412 | D:4      | XOM: confuse monster(s)
  2563 | D:4      | XOM: divination: detect creatures
  2638 | D:4      | Found a runed translucent door.
  2638 | D:4      | Identified the +9 hammer "Vajuruolu" {freeze, Fly rF+ Str+3
                  | Stlth+}
  2639 | D:4      | Noticed Crazy Yiuf
  2652 | D:4      | Killed Crazy Yiuf
  2904 | D:4      | Found a runed translucent gate.
  2904 | D:4      | Found a runed translucent gate.
  2904 | D:4      | Found a runed translucent gate.
  2906 | D:4      | Noticed Dazliare's ghost (amateur CoBr)
  2934 | D:4      | Found Ucu Kupp's Jewellery Emporium.
  3014 | D:4      | Noticed Dowan
  3015 | D:4      | Noticed Natasha
  3023 | D:4      | Gained mutation: You regenerate a little health from kills.
                  | [demonic ancestry]
  3023 | D:4      | Reached XP level 7. HP: 24/53 MP: 9/9
  3023 | D:4      | Killed Natasha
  3168 | D:4      | Learned a level 1 spell: Necrotise
  3170 | D:4      | Learned a level 1 spell: Apportation
  3172 | D:4      | Learned a level 1 spell: Sting
  3174 | D:4      | Learned a level 1 spell: Summon Small Mammal
  3177 | D:4      | Learned a level 2 spell: Ensorcelled Hibernation
  3181 | D:4      | Learned a level 3 spell: Passwall
  3203 | D:4      | Noticed Duvessa
  3217 | D:4      | Killed Dowan
  3219 | D:4      | Killed Duvessa
  3631 | D:4      | Killed Dazliare's ghost
  3640 | D:4      | Gained mutation: You regenerate health from kills. [demonic
                  | ancestry]
  3640 | D:4      | Reached XP level 8. HP: 60/60 MP: 10/10
  3681 | D:5      | Entered Level 5 of the Dungeon
  3746 | D:5      | XOM: polymorph water moccasin -> rat
  3759 | D:5      | Reached skill level 1 in Hexes
  3877 | D:5      | Reached skill level 1 in Conjurations
  3985 | D:5      | You are sucked into a shaft and drop 1 floor!
  4071 | D:5      | Reached skill level 1 in Summonings
  4084 | D:5      | XOM: polymorph scorpion -> ball python
  4133 | D:5      | Found Baumn's Jewellery Emporium.
  4445 | D:5      | XOM: give mutation
  4445 | D:5      | Gained mutation: Your spells are a little harder to cast,
                  | but a little more powerful. [Xom's grace]
  4550 | D:6      | Reached skill level 1 in Alchemy
  4563 | D:6      | XOM: confuse monster(s)
  4701 | D:6      | XOM: confuse monster(s)
  4780 | D:6      | XOM: 2-stop teleportation journey
  4806 | D:6      | Found a stormy altar of Qazlal.
  4806 | D:6      | Found a shimmering blue altar of Sif Muna.
  4835 | D:6      | Gained mutation: You are mostly covered in icy blue scales.
                  | (AC +3) [demonic ancestry]
  4835 | D:6      | Reached XP level 9. HP: 65/65 MP: 12/12
  4930 | D:6      | Found a broken altar of Ashenzari.
  4935 | D:6      | Reached skill level 1 in Earth Magic
  4971 | D:6      | Reached skill level 1 in Translocations
  5163 | D:6      | Noticed a troll
  5175 | D:6      | Killed a troll
  5176 | D:6      | Reached skill level 1 in Ice Magic
  5282 | D:6      | XOM: enchant monster (good)
  5354 | D:6      | Reached skill level 5 in Axes
  5870 | D:7      | Found a staircase to the Ecumenical Temple.
  5880 | Temple   | Entered the Ecumenical Temple
  5887 | D:7      | Noticed Maggie
  5899 | D:7      | XOM: fog
  5902 | D:7      | Killed Maggie
  5903 | D:7      | Reached skill level 5 in Necromancy
  6178 | D:7      | XOM: silly message
  6212 | D:7      | Found a hazy altar of Hepliaklqana.
  6291 | D:7      | XOM: noise
  6504 | D:8      | XOM: enchant monster (good)
  6528 | D:8      | Gained mutation: When hurt, damage is shared between your
                  | health and your magic reserves. [demonic ancestry]
  6528 | D:8      | Reached XP level 10. HP: 73/73 MP: 14/14
  6714 | D:8      | Noticed Maurice
  6720 | D:8      | XOM: summons 1 hostile shadow creature
  6728 | D:8      | XOM: cast spell 'Death Channel'
  6744 | D:8      | Killed Maurice
  6745 | D:8      | Reached skill level 5 in Armour
  6747 | D:8      | XOM: summons friendly crimson imp
  6748 | D:8      | XOM: polymorph crimson imp -> ufetubus
  6954 | D:8      | Noticed Jeremiah
  6962 | D:8      | XOM: cleaving
  7002 | D:8      | XOM: summons 1 hostile shadow creature
  7026 | D:8      | Killed Jeremiah
  7027 | D:8      | Reached skill level 5 in Fighting
  7308 | D:8      | Found a basalt altar of Yredelemnul.
  7308 | D:8      | Found a sparkling altar of Nemelex Xobeh.
  7407 | D:8      | Noticed Erica
  7420 | D:8      | Killed Erica
  7421 | D:8      | Reached skill level 5 in Dodging
  7797 | D:9      | XOM: 2-stop teleportation journey
  7961 | D:9      | XOM: confuse monster(s)
  7963 | D:9      | XOM: summons friendly shadow imp
  7974 | D:9      | XOM: summons 8 friendly demons
  8012 | D:9      | Noticed a two-headed ogre
  8019 | D:9      | Noticed a brown ugly thing
  8024 | D:9      | XOM: enchant monster (bad)
  8028 | D:9      | Killed a two-headed ogre
  8029 | D:9      | Reached skill level 5 in Unarmed Combat
  8029 | D:9      | Reached XP level 11. HP: 37/80 MP: 8/15
  8034 | D:9      | Noticed a red ugly thing
  8037 | D:9      | Lost mutation: Your spells are a little harder to cast, but
                  | a little more powerful. [potion of mutation]
  8037 | D:9      | Gained mutation: You are frail. (-10% HP) [potion of
                  | mutation]
  8037 | D:9      | Gained mutation: You are strong-willed. (Will+) [potion of
                  | mutation]
  8037 | D:9      | Gained mutation: Your mind is acute. (Int +4, Str/Dex -1)
                  | [potion of mutation]
  8042 | D:9      | Reached skill level 1 in Maces & Flails
  8042 | D:9      | Gained mutation: You are completely covered in icy blue
                  | scales. (AC +4, rC+) [demonic ancestry]
  8042 | D:9      | Reached XP level 12. HP: 20/77 MP: 0/17
  8048 | D:9      | XOM: summons 3 friendly demons
  8490 | D:9      | XOM: 5-stop teleportation journey
  8591 | D:9      | XOM: summons 7 hostile demons
  8694 | D:9      | Found an iron altar of Okawaru.
  8758 | D:10     | Entered Level 10 of the Dungeon
  8767 | D:10     | Found an opulent altar of Gozag.
  8797 | D:10     | Found a flagged portal.
  8816 | Bailey   | Entered a bailey
  9063 | Bailey   | Identified the +11 short sword of the Toadstool {vamp,
                  | Int+3}
  9188 | Bailey   | XOM: confusion (+ monsters)
  9239 | Bailey   | Identified the +3 ring mail of Metyjynu {Fly rC+ Slay+5}
  9442 | D:10     | Learned a level 8 spell: Summon Horrible Things
  9464 | D:10     | XOM: summons friendly iron imp
  9534 | D:10     | XOM: enchant monster (good)
  9704 | D:10     | Found a staircase to the Lair.
  9725 | D:10     | XOM: confuse monster(s)
  9799 | D:10     | XOM: god gift: potion of degeneration
  9993 | D:10     | XOM: give mutations
  9993 | D:10     | Gained mutation: Your spells are a little easier to cast,
                  | but a little less powerful. [Xom's mischief]
  9993 | D:10     | Gained mutation: Your body sometimes deteriorates upon
                  | taking damage. [Xom's mischief]
  9994 | D:10     | Lost mutation: Your mind is acute. (Int +4, Str/Dex -1)
                  | [potion of mutation]
  9994 | D:10     | Lost mutation: You are strong-willed. (Will+) [potion of
                  | mutation]
  9994 | D:10     | Lost mutation: Your body sometimes deteriorates upon taking
                  | damage. [potion of mutation]
  9994 | D:10     | Gained mutation: You are weak. (Str -2) [potion of
                  | mutation]
  9994 | D:10     | Lost mutation: You are frail. (-10% HP) [potion of
                  | mutation]
  9994 | D:10     | Gained mutation: You are somewhat resistant to further
                  | mutation. [potion of mutation]
 10063 | D:11     | XOM: stealth player
 10106 | D:11     | Found Urchiesu's General Store.
 10186 | D:11     | Bought a potion of might for 60 gold pieces
 10186 | D:11     | Bought a scroll of identify for 30 gold pieces
 10196 | D:11     | Found Qumoucox's General Store.
 10206 | D:11     | Bought a potion of heal wounds for 70 gold pieces
 10206 | D:11     | Bought a scroll of identify for 28 gold pieces
 10206 | D:11     | Bought a scroll of identify for 28 gold pieces
 10206 | D:11     | Bought a scroll of teleportation for 42 gold pieces
 10233 | D:11     | Noticed a boulder beetle
 10258 | D:11     | Found Okly's Jewellery Shoppe.
 10268 | D:11     | XOM: noise
 10270 | D:11     | Killed a boulder beetle
 10325 | D:11     | Found a runed translucent gate.
 10326 | D:11     | Found a runed translucent gate.
 10366 | D:11     | Noticed a minotaur
 10373 | D:11     | Noticed Sobieck's ghost (journeyman MDMo)
 10389 | D:11     | Found a runed translucent gate.
 10423 | D:11     | Found a transporter.
 10426 | D:11     | XOM: silly message
 10427 | D:11     | Found a transporter.
 10439 | D:11     | Found a transporter.
 10478 | D:11     | Found Vynwur's Armour Shoppe.
 10510 | D:11     | Found a transporter.
 10530 | D:11     | Found a staircase to the Orcish Mines.
 10656 | D:11     | Found Focuipiu's Armour Shoppe.
 10667 | D:11     | Bought a +0 helmet of see invisible for 172 gold pieces
 10667 | D:11     | Bought a +2 pair of boots of rampaging for 322 gold pieces
 10670 | D:11     | XOM: cloud trail
 10849 | Abyss:2  | Cast into level 2 of the Abyss (Sobieck's ghost)
 10851 | Abyss:2  | Found a corrupted altar of Lugonu.
 11009 | Abyss:3  | Found a corrupted altar of Lugonu.
 11014 | Abyss:3  | XOM: cast spell 'Leda's Liquefaction'
 11017 | Abyss:3  | XOM: noise
 11023 | Abyss:3  | Noticed a cacodemon
 11026 | Abyss:3  | XOM: summons 10 friendly demons
 11030 | Abyss:3  | Noticed a bone dragon
 11031 | Abyss:3  | Killed a cacodemon
 11032 | Abyss:3  | Noticed an Executioner
 11034 | Abyss:3  | XOM: give mutations
 11034 | Abyss:3  | Gained mutation: You are strong-willed. (Will+) [Xom's
                  | grace]
 11034 | Abyss:3  | Gained mutation: You are resistant to electric shocks.
                  | (rElec) [Xom's grace]
 11034 | Abyss:3  | Gained mutation: Your flesh is cold resistant. (rC+) [Xom's
                  | grace]
 11045 | Abyss:3  | Noticed a cacodemon
 11047 | Abyss:3  | Noticed a tentacled monstrosity
 11052 | Abyss:3  | Slain by a large slime creature

Illustrated notes

Levels and vault maps discovered:
D:1:      onia_arrival_mini_spirals, layout_loops_ring,
          ebering_ecumenical_altar_sacrificial
D:2:      layout_rooms, serial_shops, shop
D:3:      layout_loops_ring, nicolae_overflow_ecumenical_swirl
D:4:      kennysheep_spiral_hall, layout_rooms, good_gods_mini_temple,
          mainiacjoe_overflow_brackets, nzn_wu_jian_council_hall, serial_shops,
          nicolae_lakefront_shop, gammafunk_ghost_nasty_kobolds,
          grunt_ministairs_10, minmay_puff, uniq_duvessa, uniq_natasha,
          uniq_crazy_yiuf_cottage
D:5:      wander_river, layout_loops_ring, serial_shops, shop
D:6:      cheibrodos_two_vegetables, layout_basic,
          ashenzari_conservatory_becter, mainiacjoe_overflow_divided_tiny
D:7:      layout_basic, mainiacjoe_overflow_cross_hatched,
          minmay_temple_entry_nine_rooms, nicolae_benzene_ring,
          nrook_mini_vaults, nrook_pool_corridor, uniq_maggie
D:8:      layout_rooms, amethyst_overflow_temple_binary, serial_bayou_crossing,
          uniq_jeremiah, uniq_erica, uniq_maurice
D:9:      minmay_slanted_spiral_squares, layout_gridville,
          kennysheep_okawaru_gauntlet, serial_glass, glass_columns_b,
          glass_columns_b
D:10:     kennysheep_steamy, layout_irregular_city,
          mainiacjoe_overflow_chevrons, due_lair_maze_entry_diamond, serial_ice,
          serial_ice_l, serial_ice_b, serial_ice_m, serial_ice_e, serial_ice_c,
          serial_ice_f, enter_bailey_5
D:11:     layout_cave_pools, orc_0_dummy, serial_shops,
          nicolae_shop_real_fake_doors, shop_fountains, shop, shop, shop,
          maelrawn_ghost_gauntlet_escape, nicolae_transporter_circle
Temple:   hellmonk_temple_forest_ring
Abyss:3:  base: D:9, hangedman_abyss_rune_macabre_mess,
          hangedman_abyss_rune_macabre_mess

Skill      XL: |  1  2  3  4  5  6  7  8  9 10 11 12 |
---------------+-------------------------------------+-----
Dodging        | 1 2 3 4 5 6 |  6.5
Armour         | 2 3 4 5 6 |  6.9
Axes           | 3 4 5 6 7 |  7.1
Stealth        | 1 2 3 4 |  4.6
Unarmed Combat | 1 2 3 4 5 6 |  6.3
Necromancy     | 1 2 3 4 5 6 7 |  7.8
Spellcasting   | 1 2 3 4 |  4.1
Evocations     | 1 2 3 4 |  4.4
Fighting       | 4 5 6 |  6.0
Hexes          | 1 2 3 4 |  4.1
Conjurations   | 1 2 3 4 |  4.0
Summonings     | 1 2 3 4 |  4.0
Alchemy        | 1 2 3 |  3.6
Earth Magic    | 1 2 3 |  3.3
Translocations | 1 2 3 |  3.3
Ice Magic      | 1 2 3 |  3.1
Maces & Flails | 1 2 |  2.1

Action                     |  1- 3 |  4- 6 |  7- 9 | 10-12 || total
---------------------------+-------+-------+-------+-------++-------
  Melee: Hand axe          |   123 |   122 |       |     4 ||   249
         Tailslap          |       |    13 |    39 |    83 ||   135
         Mace              |       |    17 |   241 |   535 ||   793
  Evoke: Wand              |       |       |    11 |    13 ||    24
         Phantom mirror    |       |       |       |     2 ||     2
    Use: Scroll            |       |     3 |     4 |    28 ||    35
         Potion            |       |       |     6 |    19 ||    25
   Stab: Sleeping          |     2 |     4 |    13 |     7 ||    26
         Petrified         |     3 |       |       |       ||     3
         Confused          |       |     1 |     1 |     5 ||     7
         Invisible         |       |       |     4 |     6 ||    10
         Distracted        |       |       |     1 |       ||     1
         Paralysed         |       |       |       |     2 ||     2
 Armour: Leather armour    |    34 |       |       |       ||    34
         Scale mail        |    28 |    94 |   234 |       ||   356
         Acid dragon scale |       |       |    23 |   646 ||   669
         Skin              |       |       |       |    19 ||    19
  Dodge: Dodged            |    67 |    73 |   249 |   672 ||  1061
  Block: Buckler           |       |       |       |    26 ||    26

Table legend: (Time is in decaauts)
 A = Elapsed time spent in this place.
 B = Non-inter-level travel time spent in this place.
 C = Inter-level travel time spent in this place.
 D = Time resting spent in this place.
 E = Time spent auto-exploring this place.
 F = Levels seen in this place.
 G = Mean time per level.
                   A        B        C        D        E       F      G
               +--------+--------+--------+--------+--------+-----+--------+
         Total |  11270 |  10892 |    378 |    883 |   7079 |  15 |  751.3 |
       Dungeon |  10549 |  10172 |    377 |    764 |   6956 |  11 |  959.0 |
        Temple |      1 |      1 |      0 |      0 |      0 |   1 |    1.0 |
         Abyss |    220 |    220 |      0 |      0 |      0 |   2 |  110.0 |
        Bailey |    498 |    498 |      0 |    119 |    123 |   1 |  498.0 |
               +--------+--------+--------+--------+--------+-----+--------+

Top non-repeatable levels by time:
     D:4: 1567 daAuts
     D:8: 1176 daAuts
     D:6: 1173 daAuts
     D:9: 1139 daAuts
     D:3: 909 daAuts
     D:5: 872 daAuts
    D:10: 843 daAuts
     D:7: 814 daAuts
    D:11: 798 daAuts
     D:1: 787 daAuts
  Bailey: 498 daAuts
     D:2: 467 daAuts
 Abyss:3: 163 daAuts
 Abyss:2: 57 daAuts
  Temple: 1 daAuts
